ORI
MISSISSIPPI STATE UNIVERSITY BULLDOGS @ COASTAL CAROLINA UNIVERSITY CHANTICLEERS
11/20/2048
 
TOP OF THE 1ST
Florida State University Seminoles batting - Pitching for Mississippi State University Bulldogs : RHP Sa'ng Dai
Pitching: RHP Sa'ng Dai
Batting: RHB Ray Johnson 0-0: Ball
1-0: Ball
2-0: Called Strike
2-1: SINGLE (Line Drive, 9S, EV 96.9 MPH)
Batting: RHB Terry Cisneros 0-0: DOUBLE (Line Drive, 89D, EV 113.8 MPH)
Ray Johnson to third
Batting: RHB Larry Berge 0-0: Called Strike
0-1: Swinging Strike
0-2: Ground out 5-3 (Groundball, 56, EV 92.5 MPH)
Ray Johnson scores
Batting: RHB Butch Huskey 0-0: Ball
1-0: DOUBLE (Line Drive, 7LS, EV 107.5 MPH)
Terry Cisneros scores
Batting: RHB Jonathan Bruni 0-0: Ball
1-0: Ball
2-0: Ball
3-0: Foul Ball, location: 2F
3-1: Fly out, F7 (Flyball, 7, EV 90.0 MPH)
Batting: RHB Emilio Guerra 0-0: Ball
1-0: SINGLE (Groundball, 6M, EV 106.9 MPH)
Butch Huskey to third
Batting: LHB John Doiron 0-0: Ball
1-0: Called Strike
1-1: Swinging Strike
1-2: Foul Ball, location: 2F
1-2: Strikes out looking
Top of the 1st over - 2 runs, 4 hits, 0 errors, 2 left on base; Florida State University 2 - Mississippi State University 0
BOTTOM OF THE 1ST
Mississippi State University Bulldogs batting - Pitching for Florida State University Seminoles : LHP Nick Linkletter
Pitching: LHP Nick Linkletter
Batting: RHB Alvin Abarca 0-0: Called Strike
0-1: Foul Ball, location: 2F
0-2: Ball
1-2: Fly out, F7 (Flyball, 7, EV 90.0 MPH)
Batting: RHB Josh Stene 0-0: Called Strike
0-1: Ball
1-1: Called Strike
1-2: Strikes out swinging
Batting: LHB Danny Shanahan 0-0: Ball
1-0: Called Strike
1-1: Foul Ball, location: 2F
1-2: Ball
2-2: Ball
3-2: Base on Balls
Batting: LHB Vinnie Kalman 0-0: Ball
1-0: Ball
2-0: Ball
3-0: Called Strike
3-1: Base on Balls
Danny Shanahan to second
Batting: LHB Ricardo Ramos 0-0: Called Strike
0-1: Foul Ball, location: 2F
0-2: Strikes out swinging
Bottom of the 1st over - 0 runs, 0 hits, 0 errors, 2 left on base; Florida State University 2 - Mississippi State University 0
TOP OF THE 2ND
Florida State University Seminoles batting - Pitching for Mississippi State University Bulldogs : RHP Sa'ng Dai
Batting: RHB George Smienk 0-0: Ball
1-0: Fly out, F9 (Flyball, 89S, EV 82.5 MPH)
Batting: LHB Matt Stewart 0-0: Ball
1-0: Ball
2-0: Ball
3-0: Called Strike
3-1: Foul Ball, location: 2F
3-2: Base on Balls
Batting: RHB Ray Johnson 0-0: Foul Ball, location: 2F
0-1: Ball
1-1: Called Strike
1-2: Ball
2-2: Foul Ball, location: 2F
2-2: Foul Ball, location: 2F
2-2: Strikes out swinging
Batting: RHB Terry Cisneros 0-0: Ground out U3 (Groundball, 3S, EV 83.1 MPH)
Top of the 2nd over - 0 runs, 0 hits, 0 errors, 1 left on base; Florida State University 2 - Mississippi State University 0
BOTTOM OF THE 2ND
Mississippi State University Bulldogs batting - Pitching for Florida State University Seminoles : LHP Nick Linkletter
Batting: RHB Oscar Vargas 0-0: Swinging Strike
0-1: Ball
1-1: Called Strike
1-2: Strikes out swinging
Batting: RHB Chris Everett 0-0: Called Strike
0-1: Foul Ball, location: 2F
0-2: Ball
1-2: Strikes out looking
Batting: RHB Bill Petipas 0-0: Ball
1-0: Ball
2-0: Called Strike
2-1: Ball
3-1: Swinging Strike
3-2: Foul Ball, location: 2F
3-2: Base on Balls
Batting: RHB Josh Simmons 0-0: Called Strike
0-1: Swinging Strike
0-2: Ball
1-2: Ball
2-2: Ball
3-2: Foul Ball, location: 2F
3-2: Strikes out swinging
Bottom of the 2nd over - 0 runs, 0 hits, 0 errors, 1 left on base; Florida State University 2 - Mississippi State University 0
TOP OF THE 3RD
Florida State University Seminoles batting - Pitching for Mississippi State University Bulldogs : RHP Sa'ng Dai
Batting: RHB Larry Berge 0-0: Ball
1-0: Ball
2-0: Ball
3-0: Base on Balls
Batting: RHB Butch Huskey 0-0: Ball
Larry Berge steals 2nd base (no throw)
1-0: 2-RUN HOME RUN (Flyball, 9LD, EV 92.5 MPH), Distance : 356 ft
Batting: RHB Jonathan Bruni 0-0: Foul Ball, location: 2F
0-1: Ground out 6-3 (Groundball, 6, EV 104.4 MPH)
Batting: RHB Emilio Guerra 0-0: Ground out 1-3 (Groundball, 13, EV 65.6 MPH)
Batting: LHB John Doiron 0-0: Ball
1-0: Ball
2-0: DOUBLE (Flyball, 78XD, EV 110.6 MPH)
Batting: RHB George Smienk 0-0: Ball
1-0: Reached on error, E8 (Flyball, 8LXD, EV 90.0 MPH)
John Doiron scores
Batting: LHB Matt Stewart 0-0: Called Strike
0-1: Ball
1-1: 2-RUN HOME RUN (Flyball, 9D, EV 99.4 MPH), Distance : 375 ft
Batting: RHB Ray Johnson 0-0: Reached on error, E4 (Groundball, 4D, EV 84.4 MPH)
Batting: RHB Terry Cisneros 0-0: Called Strike
0-1: Called Strike
0-2: Ball
1-2: Foul Ball, location: 2F
1-2: Ball
2-2: Strikes out swinging
Top of the 3rd over - 5 runs, 3 hits, 2 errors, 1 left on base; Florida State University 7 - Mississippi State University 0
BOTTOM OF THE 3RD
Mississippi State University Bulldogs batting - Pitching for Florida State University Seminoles : LHP Nick Linkletter
Batting: RHB Alvin Abarca 0-0: Fly out, F7 (Flyball, 7D, EV 92.5 MPH)
Batting: RHB Josh Stene 0-0: Called Strike
0-1: Ball
1-1: Ground out U3 (Groundball, 3, EV 103.1 MPH)
Batting: LHB Danny Shanahan 0-0: Ball
1-0: Ball
2-0: Foul Ball, location: 2F
2-1: Foul Ball, location: 2F
2-2: Strikes out swinging
Bottom of the 3rd over - 0 runs, 0 hits, 0 errors, 0 left on base; Florida State University 7 - Mississippi State University 0
TOP OF THE 4TH
Florida State University Seminoles batting - Pitching for Mississippi State University Bulldogs : RHP Sa'ng Dai
Pitching: LHP Benjamin Alderdice
Batting: RHB Larry Berge 0-0: Swinging Strike
0-1: Foul Ball, location: 2F
0-2: Ball
1-2: Foul Ball, location: 2F
1-2: TRIPLE (Line Drive, 9LD, EV 106.2 MPH)
Batting: RHB Butch Huskey 0-0: Ball
1-0: Ball
2-0: Ball
3-0: Called Strike
3-1: Base on Balls
Batting: RHB Jonathan Bruni 0-0: Ball
Balk!
Larry Berge scores
Butch Huskey to second
1-0: Ball
2-0: Ball
3-0: Called Strike
3-1: Fly out, F8 (Flyball, 8LM, EV 90.0 MPH)
Batting: RHB Emilio Guerra 0-0: Ball
1-0: Ground out 5-3 (Groundball, 56S, EV 93.1 MPH)
Batting: LHB John Doiron 0-0: Ball
1-0: Foul Ball, location: 2F
1-1: Swinging Strike
1-2: Strikes out looking
Top of the 4th over - 1 run, 1 hit, 0 errors, 1 left on base; Florida State University 8 - Mississippi State University 0
BOTTOM OF THE 4TH
Mississippi State University Bulldogs batting - Pitching for Florida State University Seminoles : LHP Nick Linkletter
Batting: LHB Vinnie Kalman 0-0: Ball
1-0: Ball
2-0: Ball
3-0: Called Strike
3-1: Reached on error, E1 (Groundball, 13S, EV 72.5 MPH)
Batting: LHB Ricardo Ramos 0-0: Swinging Strike
0-1: Ball
1-1: Fly out, F5 (Popup, 5D, EV 55.0 MPH)
Batting: RHB Oscar Vargas 0-0: Swinging Strike
0-1: Ball
Vinnie Kalman steals 2nd base
1-1: Ball
2-1: Fly out, F7 (Line Drive, 7, EV 92.5 MPH)
Batting: RHB Chris Everett 0-0: Called Strike
0-1: Ball
1-1: Ground out 5-3 (Groundball, 56, EV 106.2 MPH)
Bottom of the 4th over - 0 runs, 0 hits, 1 error, 1 left on base; Florida State University 8 - Mississippi State University 0
TOP OF THE 5TH
Florida State University Seminoles batting - Pitching for Mississippi State University Bulldogs : LHP Benjamin Alderdice
Batting: RHB George Smienk 0-0: Ball
1-0: SOLO HOME RUN (Line Drive, 7D, EV 100.0 MPH), Distance : 390 ft
Batting: LHB Matt Stewart 0-0: Foul Ball, location: 2F
0-1: Ball
1-1: Ball
2-1: Called Strike
2-2: Ball
3-2: SINGLE (Groundball, 6M, EV 99.4 MPH)
Batting: RHB Ray Johnson 0-0: Ball
1-0: Called Strike
1-1: Ball
2-1: Ball
Wild Pitch!
Matt Stewart to second
3-1: Base on Balls
Batting: RHB Terry Cisneros 0-0: Foul Ball, location: 2F
0-1: Fly out, F8 (Line Drive, 8RD, EV 89.4 MPH)
Batting: RHB Larry Berge 0-0: Ball
1-0: Fielders Choice at 2nd, 5-4 (Groundball, 5, EV 78.8 MPH)
Matt Stewart to third
Batting: RHB Butch Huskey 0-0: Called Strike
0-1: Called Strike
0-2: Ball
1-2: Ball
2-2: SINGLE (Flyball, 9LS, EV 90.0 MPH)
Matt Stewart scores
Larry Berge to second
Pitching: RHP Alexis Gallegos
Batting: RHB Jonathan Bruni 0-0: Called Strike
0-1: Ball
Wild Pitch!
Larry Berge to third
Butch Huskey to second
1-1: Ground out 4-3 (Groundball, 4, EV 98.8 MPH)
Top of the 5th over - 2 runs, 3 hits, 0 errors, 2 left on base; Florida State University 10 - Mississippi State University 0
BOTTOM OF THE 5TH
Mississippi State University Bulldogs batting - Pitching for Florida State University Seminoles : LHP Nick Linkletter
Batting: RHB Bill Petipas 0-0: Ground out 6-3 (Groundball, 6, EV 85.6 MPH)
Batting: RHB Josh Simmons 0-0: Called Strike
0-1: Ball
1-1: Swinging Strike
1-2: Ball
2-2: Ball
3-2: Strikes out looking
Batting: RHB Alvin Abarca 0-0: Ball
1-0: Ball
2-0: Ball
3-0: Called Strike
3-1: Ground out 1-3 (Groundball, 13, EV 76.9 MPH)
Bottom of the 5th over - 0 runs, 0 hits, 0 errors, 0 left on base; Florida State University 10 - Mississippi State University 0
TOP OF THE 6TH
Florida State University Seminoles batting - Pitching for Mississippi State University Bulldogs : RHP Alexis Gallegos
Batting: RHB Emilio Guerra 0-0: Hit by Pitch
Batting: LHB John Doiron 0-0: Called Strike
0-1: Ball
1-1: Foul Ball, location: 2F
1-2: Foul Ball, location: 2F
1-2: Fly out, F6 (Popup, 6M, EV 66.2 MPH)
Batting: RHB George Smienk 0-0: Called Strike
0-1: Fielders Choice at 2nd, 5-4 (Groundball, 5, EV 86.9 MPH)
Batting: LHB Matt Stewart 0-0: Foul Ball, location: 2F
0-1: Fielders Choice at 2nd, 5-4 (Groundball, 5, EV 101.2 MPH)
Top of the 6th over - 0 runs, 0 hits, 0 errors, 1 left on base; Florida State University 10 - Mississippi State University 0
BOTTOM OF THE 6TH
Mississippi State University Bulldogs batting - Pitching for Florida State University Seminoles : LHP Nick Linkletter
Pitching: RHP John Woodford
Batting: RHB Josh Stene 0-0: Ball
1-0: Ball
2-0: Called Strike
2-1: Called Strike
2-2: Strikes out swinging
Batting: LHB Danny Shanahan 0-0: Called Strike
0-1: Fly out, F9 (Flyball, 89M, EV 76.9 MPH)
Batting: LHB Vinnie Kalman 0-0: Ball
1-0: Foul Ball, location: 2F
1-1: Foul Ball, location: 2F
1-2: Strikes out swinging
Bottom of the 6th over - 0 runs, 0 hits, 0 errors, 0 left on base; Florida State University 10 - Mississippi State University 0
TOP OF THE 7TH
Florida State University Seminoles batting - Pitching for Mississippi State University Bulldogs : RHP Alexis Gallegos
Batting: RHB Ray Johnson 0-0: Fly out, F8 (Flyball, 8RD, EV 109.4 MPH)
Pinch Hitting: SHB John Welsh 0-0: Foul Ball, location: 2F
0-1: Called Strike
0-2: Fly out, F8 (Line Drive, 8LM, EV 105.6 MPH)
Batting: RHB Larry Berge 0-0: Ball
1-0: Swinging Strike
1-1: Ball
2-1: Ball
3-1: Foul Ball, location: 2F
3-2: Base on Balls
Pitching: RHP Tony Renteria
Batting: RHB Butch Huskey 0-0: Called Strike
0-1: SINGLE (Groundball, 56D, EV 95.0 MPH)
Larry Berge to second
Batting: RHB Jonathan Bruni 0-0: Ball
1-0: SINGLE (Line Drive, 7S, EV 95.6 MPH)
Larry Berge to third
Butch Huskey to second
Runner from 3rd tries for Home, throw by LF and OUT! 7-2
Top of the 7th over - 0 runs, 2 hits, 0 errors, 2 left on base; Florida State University 10 - Mississippi State University 0
BOTTOM OF THE 7TH
Mississippi State University Bulldogs batting - Pitching for Florida State University Seminoles : RHP John Woodford
Now at 1B: John Welsh
Batting: LHB Ricardo Ramos 0-0: Swinging Strike
0-1: Foul Ball, location: 2F
0-2: Ball
1-2: Ball
2-2: Strikes out swinging
Batting: RHB Oscar Vargas 0-0: Ground out 6-3 (Groundball, 56, EV 106.9 MPH)
Batting: RHB Chris Everett 0-0: Called Strike
0-1: Ball
1-1: Foul Ball, location: 2F
1-2: Ball
2-2: Strikes out looking
Bottom of the 7th over - 0 runs, 0 hits, 0 errors, 0 left on base; Florida State University 10 - Mississippi State University 0
TOP OF THE 8TH
Florida State University Seminoles batting - Pitching for Mississippi State University Bulldogs : RHP Tony Renteria
Batting: RHB Emilio Guerra 0-0: Called Strike
0-1: Swinging Strike
0-2: Foul Ball, location: 2F
0-2: SOLO HOME RUN (Flyball, 7LD, EV 97.5 MPH), Distance : 357 ft
Batting: LHB John Doiron 0-0: Ball
1-0: Ball
2-0: Called Strike
2-1: SINGLE (Groundball, 56S, EV 67.5 MPH) (infield hit)
Batting: RHB George Smienk 0-0: Fielders Choice at 2nd, 6-4 (Groundball, 6, EV 106.2 MPH)
Batting: LHB Matt Stewart 0-0: Called Strike
0-1: Ball
1-1: Ball
2-1: Fly out, F6 (Line Drive, 6D, EV 73.8 MPH)
Batting: RHB Ray Johnson 0-0: Ball
1-0: Ball
2-0: Reached on error, E6 (Groundball, 6, EV 83.1 MPH)
George Smienk to second
Pitching: RHP Willie Berumen
Batting: SHB John Welsh 0-0: Foul Ball, location: 2F
0-1: Fly out, F9 (Flyball, 89M, EV 85.6 MPH)
Top of the 8th over - 1 run, 2 hits, 1 error, 2 left on base; Florida State University 11 - Mississippi State University 0
BOTTOM OF THE 8TH
Mississippi State University Bulldogs batting - Pitching for Florida State University Seminoles : RHP John Woodford
Batting: RHB Bill Petipas 0-0: Fly out, F7 (Line Drive, 7D, EV 90.0 MPH)
Batting: RHB Josh Simmons 0-0: Called Strike
0-1: Called Strike
0-2: Ground out 6-3 (Groundball, 6M, EV 79.4 MPH)
Batting: RHB Alvin Abarca 0-0: SINGLE (Groundball, 34D, EV 97.5 MPH)
Batting: RHB Josh Stene 0-0: Ground out 6-3 (Groundball, P, EV 84.4 MPH)
Bottom of the 8th over - 0 runs, 1 hit, 0 errors, 1 left on base; Florida State University 11 - Mississippi State University 0
TOP OF THE 9TH
Florida State University Seminoles batting - Pitching for Mississippi State University Bulldogs : RHP Willie Berumen
Batting: RHB Larry Berge 0-0: Ball
1-0: Ball
2-0: SINGLE (Groundball, 23, EV 69.4 MPH) (infield hit)
Batting: RHB Butch Huskey 0-0: Called Strike
0-1: Ball
1-1: Fly out, F8 (Flyball, 78D, EV 100.0 MPH)
Batting: RHB Jonathan Bruni 0-0: Ball
1-0: Ball
2-0: Ball
3-0: Called Strike
3-1: Base on Balls
Larry Berge to second
Batting: RHB Emilio Guerra 0-0: SINGLE (Groundball, 56D, EV 103.1 MPH) (infield hit)
Larry Berge to third
Jonathan Bruni to second
Batting: LHB John Doiron 0-0: Ball
1-0: Ball
2-0: Ball
3-0: Called Strike
3-1: Called Strike
3-2: Foul Ball, location: 2F
3-2: GRAND SLAM HOME RUN (Line Drive, 9D, EV 96.9 MPH), Distance : 372 ft
Pitching: RHP Fernando Montoya
Batting: RHB George Smienk 0-0: Ball
1-0: Called Strike
1-1: Foul Ball, location: 2F
1-2: SINGLE (Flyball, 78S, EV 92.5 MPH)
Batting: LHB Matt Stewart 0-0: Reached on error, E5 (Groundball, 56, EV 101.9 MPH)
George Smienk to second
Pinch Hitting: RHB Bart Hall 0-0: Ball
1-0: Swinging Strike
1-1: Ball
2-1: Foul Ball, location: 2F
2-2: Strikes out looking
Batting: SHB John Welsh 0-0: Called Strike
0-1: Swinging Strike
0-2: Strikes out swinging
Top of the 9th over - 4 runs, 4 hits, 1 error, 2 left on base; Florida State University 15 - Mississippi State University 0
BOTTOM OF THE 9TH
Mississippi State University Bulldogs batting - Pitching for Florida State University Seminoles : RHP John Woodford
Now in LF: J.R. Harvey
Batting: LHB Danny Shanahan 0-0: Called Strike
0-1: Called Strike
0-2: Ball
1-2: Ball
2-2: Strikes out swinging
Batting: LHB Vinnie Kalman 0-0: Swinging Strike
0-1: Foul Ball, location: 2F
0-2: Ball
1-2: Strikes out swinging
Batting: LHB Ricardo Ramos 0-0: Ball
1-0: Ball
2-0: Ball
3-0: Called Strike
3-1: SINGLE (Line Drive, 5D, EV 100.0 MPH)
Batting: RHB Oscar Vargas 0-0: Fielders Choice at 2nd, 5-4 (Groundball, 5L, EV 89.4 MPH)
Bottom of the 9th over - 0 runs, 1 hit, 0 errors, 1 left on base; Florida State University 15 - Mississippi State University 0
Tuesday, March 28th , 2023 - OOTP Baseball 23.10 Build 110